 Dungeon Crawl Stone Soup version 0.29.0-4-gdea44cf6ec (webtiles) character file.

Game seed: 9397251223737277008

58 qw the Chopper (level 4, -6/28 HPs)
             Began as a Gargoyle Fighter on Sept 9, 2022.
             Mangled by a hell rat (15 damage)
             ... in a sewer.
             The game lasted 00:00:46 (1505 turns).

qw the Chopper (Gargoyle Fighter)                   Turns: 1505, Time: 00:00:46

Health: -6/28      AC: 12    Str: 21    XL:     4   Next: 1%
Magic:  4/4        EV:  9    Int:  9    God:
Gold:   1027       SH:  4    Dex:  9    Spells: 3/3 levels left

rFire   . . .      SeeInvis .   Y - +0 war axe (venom)
rCold   . . .      Faith    .   c - +0 buckler
rNeg    + . .      Spirit   .   b - +0 scale mail
rPois   inf        Reflect  .   l - +0 helmet
rElec   +          Harm     .   (no cloak)
rCorr   .          Rampage  .   (no gloves)
Will    .....                   i - +0 pair of boots
Stlth   ..........              (no amulet)
HPRegen 0.09/turn               (no ring)
MPRegen 0.09/turn               (no ring)

@: no status effects
A: sickness immunity, AC +3, negative energy resistance 1, electricity
resistance, torment resistance 1, petrification resistance
a: no special abilities


You were in a sewer.
You visited 1 branch of the dungeon, and saw 3 of its levels.
You also visited: Sewer.

You collected 1027 gold pieces.


Innate Abilities, Weirdness & Mutations

You are immune to sickness and miasma.
Your stone body is resilient. (AC +3)
You are immune to poison.
You resist negative energy. (rN+)
You are resistant to electric shocks. (rElec)
You are resistant to unholy torment.
You are immune to petrification.


   Skills:
 - Level 3.2 Fighting
 + Level 3.5 Axes
 - Level 1.0 Throwing
 - Level 3.2 Armour
 - Level 3.2 Shields


You had 3 spell levels left.
You didn't know any spells.
Your spell library was empty.

Inventory:

Hand Weapons
 e - a +0 mace
 Y - a +0 war axe of venom (weapon)
Missiles
 m - 2 javelins (quivered)
Armour
 b - a +0 scale mail (worn)
 c - a +0 buckler (worn)
 i - a +0 pair of boots (worn)
 l - a +0 helmet (worn)
 n - the +1 chain mail "Raowno" {Harm rC+}
   (You found it on level 2 of the Dungeon)

   rC:        It protects you from cold.
   Harm:      It increases damage dealt and taken.
Scrolls
 a - a scroll of identify
Potions
 d - a potion of might
 f - a potion of mutation
 g - a potion of lignification
 h - 2 potions of attraction

Dungeon Overview and Level Annotations

Branches:
Dungeon (3/15)              Sewer (1/1)

Altars:
Fedhas
Kikubaaqudgha
Sif Muna
Xom


Message History

The river rat bites you but does no damage.
You closely miss the river rat. You barely miss the rat.
The rat barely misses you.
The river rat bites you but does no damage.
You hit the river rat but do no damage.
The river rat looks as sick as possible!
You slash the rat!
You kill the rat!
The river rat bites you. You block the river rat's attack.
You slash the river rat!
The river rat is almost dead.
You kill the river rat!
You have reached level 4!
You feel clever.
You start resting.
HP restored.
You enter the shallow water.
Moving in this stuff is going to be slow.
m - 2 javelins (gained 1)
You see here a rat corpse.
m - 3 javelins (gained 1)
You enter the shallow water.
Moving in this stuff is going to be slow.
You enter the shallow water.
Moving in this stuff is going to be slow.
You open the door.
A hell rat comes into view.
The hell rat roars deafeningly!
Found six items.
Found a gate leading back out of this place.
Throw: 3 javelins
Press: ? - help, Q - select action Shift-Dir - straight line, f - hell rat You throw a javelin.
The javelin barely misses the hell rat.
You closely miss the hell rat. The hell rat bites you!
The hell rat closely misses you.
You closely miss the hell rat. You block the hell rat's attack.
You barely miss the hell rat. The hell rat bites you! x2
Ouch! That really hurt!
You die...

#########
###.~~~~~~###
###~~...@.~.~.#
#.%.~.##r##~~.~.
##.%.###~~~ .~~
#~.~## ~~~~~ ~
#~.~# .~~~~~. .
#.%~##~?!!?!~# ..
##~~~###?\?###~.~
#~..~~#####.~.~~
###~.~~~\~.~~~#


You could see a hell rat.

Vanquished Creatures
  A river rat (Sewer)
  A worm (D:2)
  6 ball pythons
  2 bats
  5 endoplasms
  4 giant cockroaches (D:3)
  4 goblins
  2 hobgoblins (D:1)
  5 kobolds (D:2)
  3 quokkas (D:3)
  4 frilled lizards
  3 rats (Sewer)
40 creatures vanquished.

Vanquished Creatures (others)
  3 fungi (D:1)
  4 plants (D:1)
7 creatures vanquished.

Grand Total: 47 creatures vanquished

Notes
Turn   | Place    | Note
-------+----------+-------------------------------------------
     0 | D:1      | qw the Gargoyle Fighter began the quest for the Orb.
     0 | D:1      | Reached XP level 1. HP: 14/14 MP: 1/1
     0 | D:1      | 0 ||| qw: Version: 0.1-a-113-g051387a
     0 | D:1      | 0 ||| qw: Game counter: 6912
     0 | D:1      | 0 ||| qw: Always use a shield: true
     0 | D:1      | 0 ||| qw: God list: Okawaru
     0 | D:1      | 0 ||| qw: Allow faded altars: false
     0 | D:1      | 0 ||| qw: Do Orc after D:15 true
     0 | D:1      | 0 ||| qw: Do second Lair branch before Depths: true
     0 | D:1      | 0 ||| qw: Lair rune preference: random
     0 | D:1      | 0 ||| qw: Plans: Normal, Zot, God:TSO, Crypt, Tomb, Zig,
                  | Orb
     0 | D:1      | 0 ||| PLANNING D:1-11
   120 | D:1      | 120 ||| Stepping ~*~*~tactically~*~*~ (stealth).
   221 | D:1      | Reached XP level 2. HP: 19/19 MP: 2/2
   377 | D:1      | Found a faded altar of an unknown god.
   570 | D:1      | 570 ||| READING 5 scrolls labelled RESSUE FIUME.
   571 | D:1      | 571 ||| READING scroll labelled YMIPICZ JUZAAM.
   572 | D:1      | 572 ||| READING scroll labelled NEIXKY USAOZESM.
   573 | D:1      | 573 ||| READING scroll labelled QIALU QISA.
   573 | D:1      | Identified a scroll of acquirement
   573 | D:1      | 573 ||| ACQUIRING 873 gold pieces
   573 | D:1      | Acquired 873 gold pieces
   575 | D:1      | 575 ||| READING scroll labelled TEWISM TOILL.
   576 | D:1      | 576 ||| READING 4 scrolls of identify.
   576 | D:1      | 576 ||| IDENTIFYING murky brown potion
   577 | D:1      | 577 ||| READING 3 scrolls of identify.
   577 | D:1      | 577 ||| IDENTIFYING golden potion
   669 | D:2      | Reached skill level 3 in Axes
   853 | D:2      | Reached XP level 3. HP: 23/23 MP: 3/3
   922 | D:2      | Found an ancient bone altar of Kikubaaqudgha.
  1072 | D:2      | Identified the +1 chain mail "Raowno" {Harm rC+}
  1190 | D:2      | 1190 ||| UPGRADING to +0 pair of boots.
  1195 | D:2      | 1195 ||| UPGRADING to +0 helmet.
  1200 | D:2      | 1200 ||| READING scroll labelled WAN SE DEBB.
  1203 | D:2      | 1203 ||| READING scroll labelled WOGRATR ZUPAWK.
  1204 | D:2      | 1204 ||| READING 3 scrolls of identify.
  1204 | D:2      | 1204 ||| IDENTIFYING metallic orange potion
  1205 | D:2      | 1205 ||| READING 2 scrolls of identify.
  1205 | D:2      | 1205 ||| IDENTIFYING viscous pink potion
  1206 | D:2      | 1206 ||| DROPPING potion of brilliance.
  1213 | D:3      | 1213 ||| PLANNING SEWER
  1333 | D:3      | 1333 ||| Stepping ~*~*~tactically~*~*~ (stealth).
  1392 | D:3      | Reached skill level 1 in Throwing
  1404 | D:3      | Found a shimmering blue altar of Sif Muna.
  1404 | D:3      | Found a blossoming altar of Fedhas.
  1406 | D:3      | Found a shimmering altar of Xom.
  1422 | D:3      | Found a glowing drain.
  1453 | Sewer    | Entered a sewer
  1455 | Sewer    | 1455 ||| Stepping ~*~*~tactically~*~*~ (stealth).
  1467 | Sewer    | 1467 ||| Stepping ~*~*~tactically~*~*~ (water).
  1472 | Sewer    | Reached XP level 4. HP: 26/28 MP: 4/4
  1505 | Sewer    | Mangled by a hell rat

Levels and vault maps discovered:
D:1:      matt_arrival_spirals, layout_rooms, dreamdust_ecumenical_altar_grove
D:2:      layout_loops_ring, basic_altar
D:3:      layout_loops_ring, mainiacjoe_overflow_six_doors_small,
          nicolae_overflow_hidden_temple, portal_sewer_entry_f
Sewer:    sewer_hellmonk_bad_rat

Skill      XL: |  1  2  3 |
---------------+----------+-----
Axes           | 2 3 |  3.5
Throwing       | 1 |  1.0
Fighting       | |  3.2
Armour         | |  3.2
Shields        | |  3.2

Action                   |  1- 3 |  4- 6 || total
-------------------------+-------+-------++-------
Melee: War axe           |    87 |     3 ||    90
Throw: Javelin           |    11 |     1 ||    12
  Use: Scroll            |    11 |       ||    11
Armor: Scale mail        |    47 |       ||    47
Dodge: Dodged            |    40 |     1 ||    41
Block: Buckler           |    16 |     1 ||    17

Table legend:
 A = Non-vault XP
 B = Vault XP
 C = Vault XP percentage of total XP
 D = Non-vault monster count
 E = Vault monster count
 F = Vault count percentage of total count
                 A         B        C        D         E       F
            +---------+---------+-------+---------+---------+-------
      Total |      57 |      26 |  31.3 |      31 |       9 |  22.5
            +---------+---------+-------+---------+---------+-------
        D:1 |      21 |       0 |   0.0 |      12 |       0 |   0.0
        D:2 |      18 |       0 |   0.0 |       9 |       0 |   0.0
        D:3 |      18 |      10 |  35.7 |      10 |       5 |  33.3
      Sewer |       0 |      16 | 100.0 |       0 |       4 | 100.0
            +---------+---------+-------+---------+---------+-------
